 Dungeon Crawl Stone Soup version 0.25-a0-424-g80bd347ae0 (webtiles) character file.

Game seed: 2516951567501650494, levelgen mode: deterministic

75 Bikalo the Skirmisher (level 4, 0/35 HPs)
             Began as a Demonspawn Fighter on Jan 23, 2020.
             Slain by a worker ant (2 damage)
             ... on level 3 of the Dungeon.
             The game lasted 00:02:38 (1432 turns).

Bikalo the Skirmisher (Demonspawn Fighter)          Turns: 1432, Time: 00:02:38

Health: 0/35       AC:  6    Str: 16 (18) XL:     4   Next: 11%
Magic:  4/4        EV:  6    Int: 11 (14) God:
Gold:   133        SH:  8    Dex: 10 (12) Spells: 3/3 levels left

rFire    . . .     SeeInvis .   a - +0 trident
rCold    . . .     Gourm    .   c - +0 shield
rNeg     . . .     Faith    .   b - +0 scale mail
rPois    .         Spirit   .   (no helmet)
rElec    .         Reflect  .   (no cloak)
rCorr    .         Harm     .   (no gloves)
MR       .....                  (no boots)
Stlth    ..........             o - amulet of regeneration
HPRegen  0.51/turn              (no ring)
MPRegen  0.09/turn              (no ring)

@: brilliant, lethally poisoned (0 -> -1), flying
A: hooves 1, rot immunity
a: no special abilities


You were on level 3 of the Dungeon.
You were very hungry.

You visited 1 branch of the dungeon, and saw 3 of its levels.

You collected 133 gold pieces.

Inventory:

Hand Weapons
 a - a +0 trident (weapon)
Armour
 b - a +0 scale mail (worn)
 c - a +0 shield (worn)
Jewellery
 o - an amulet of regeneration (around neck)
Scrolls
 e - 2 scrolls of teleportation
 i - 2 scrolls of amnesia {unknown}
 l - a scroll of fog {unknown}
 m - 2 scrolls of identify {unknown}
Potions
 d - a potion of might
 h - a potion of degeneration
 j - a potion of curing
 n - a potion of agility {unknown}
Comestibles
 f - 4 rations


   Skills:
 + Level 3.4 Fighting
 * Level 2.8 Polearms
 + Level 3.1 Armour
 + Level 3.1 Shields


You had 3 spell levels left.
You didn't know any spells.
Your spell library was empty.

Dungeon Overview and Level Annotations

Branches:
Dungeon (3/15)

Altars:
Dithmenos
Makhleb
Vehumet


Innate Abilities, Weirdness & Mutations

You have large cloven feet.
You are immune to rotting.


Message History

You feel sick. The worker ant closely misses you.
You closely miss the worker ant.
The worker ant is severely wounded.
You feel sick. The worker ant bites you.
* * * LOW HITPOINT WARNING * * *
The worker ant bites you but does no damage.
You closely miss the worker ant. Your kick misses the worker ant.
The worker ant is severely wounded.
You feel sick. The worker ant barely misses you. The worker ant bites you.
* * * LOW HITPOINT WARNING * * *
You barely miss the worker ant.
The worker ant is severely wounded.
You feel sick. The worker ant barely misses you.
You hit the worker ant but do no damage.
You kick the worker ant, but do no damage.
The worker ant is severely wounded.
The worker ant bites you.
* * * LOW HITPOINT WARNING * * *
The worker ant bites you.
You die...

#. # #.. ..
#.$. ...
#...### ....
#. .... .....
#.##.##......
#............
####a##......
#@# ##### #.#
... .###. #.
.. #.. # ##
... ##.≈
##..≈ #....


You could see a worker ant.

Vanquished Creatures
  2 adders
  3 leopard geckos
  3 orcs (D:3)
  A giant cockroach (D:2)
  8 goblins
  5 hobgoblins
  6 jackals
  A ball python (D:1)
  5 bats
  3 frilled lizards
  8 kobolds
  7 rats
52 creatures vanquished.

Notes
Turn   | Place    | Note
-------+----------+-------------------------------------------
     0 | D:1      | Bikalo the Demonspawn Fighter began the quest for the Orb.
     0 | D:1      | Reached XP level 1. HP: 18/18 MP: 1/1
   203 | D:1      | Gained mutation: You have large cloven feet. [demonic
                  | ancestry]
   203 | D:1      | Reached XP level 2. HP: 24/24 MP: 2/2
   609 | D:1      | Reached XP level 3. HP: 29/29 MP: 3/3
  1110 | D:2      | Found a shadowy altar of Dithmenos.
  1242 | D:2      | Found a burning altar of Makhleb.
  1284 | D:2      | Found a radiant altar of Vehumet.
  1410 | D:3      | Gained mutation: You are immune to rotting. [demonic
                  | ancestry]
  1410 | D:3      | Reached XP level 4. HP: 15/35 MP: 4/4
  1432 | D:3      | Slain by a worker ant

Levels and vault maps discovered:
D:1:      dpeg_arrival_short_road, layout_basic, minivault_27
D:2:      layout_rooms, nicolae_overflow_hidden_temple, lemuel_round_altar
D:3:      layout_loops_cross, first_ration, serial_rivers,
          chequers_serial_rivers_micro_d, chequers_serial_rivers_room_a,
          chequers_serial_rivers_room_a, chequers_serial_rivers_micro_c,
          chequers_serial_rivers_micro_b, chequers_serial_rivers_micro_d,
          elyvilon_altar_3

Skill      XL: |  1  2  3 |
---------------+----------+-----
Polearms       | 2 |  2.8
Armour         | 3 |  3.1
Shields        | 3 |  3.1
Fighting       | |  3.4

Action                   |  1- 3 |  4- 6 || total
-------------------------+-------+-------++-------
Melee: Trident           |   161 |    15 ||   176
       Kick              |    23 |     4 ||    27
  Use: Potion            |       |     4 ||     4
       Scroll            |       |     1 ||     1
  Eat: Chunk             |     1 |       ||     1
Armor: Scale mail        |    92 |    21 ||   113
Dodge: Dodged            |    43 |    15 ||    58
Block: Shield            |    67 |    14 ||    81

Table legend:
 A = Non-vault XP
 B = Vault XP
 C = Vault XP percentage of total XP
 D = Non-vault monster count
 E = Vault monster count
 F = Vault count percentage of total count
                 A         B        C        D         E       F
            +---------+---------+-------+---------+---------+-------
      Total |     108 |       0 |   0.0 |      52 |       0 |   0.0
            +---------+---------+-------+---------+---------+-------
        D:1 |      43 |       0 |   0.0 |      29 |       0 |   0.0
        D:2 |      42 |       0 |   0.0 |      18 |       0 |   0.0
        D:3 |      23 |       0 |   0.0 |       5 |       0 |   0.0
            +---------+---------+-------+---------+---------+-------
